Map: Chain of Ascension

Players

Yuriprime

  • Race: Zerg Zerg
  • Spawn Location: 11:00

LilArrin

  • Race: Terran Terran
  • Spawn Location: 11:00

VOD

Have the link to the VOD?

Description

Time

  • Played on: Sept. 17, 2017, 12:44 a.m.
  • Length: 14:00
Show
View Real Time Build Order
Export as new Build Order

Yuriprime Zerg 

Build Orders:  

Get SALT Encoding   

  12  0:04  Drone  
  13  0:12  Drone  
  14  0:29  Extractor  
  13  0:30  Drone, Extractor  
  13  0:31  Drone  
  16  1:03  Hatchery  
  15  1:11  Overlord  
  15  1:37  Drone x4  
  19  1:50  Extractor  
  19  1:57  Spawning Pool  
  19  1:59  Drone  
  18  2:05  Drone  
  19  2:10  Drone  
  19  2:17  Drone  
  21  2:25  Drone  
  22  2:34  Queen  
  22  2:38  Drone  
  25  2:43  Drone  
  25  2:48  Drone  
  27  3:00  Extractor  
  27  3:02  Drone x2  
  27  3:08  Overlord  
  28  3:22  Lair  
  28  3:37  Evolution Chamber  
  27  3:41  Evolution Chamber  
  27  3:45  Drone  
  27  3:46  Drone  
  27  3:48  Drone  
  29  3:53  Drone  
  30  4:28  Overlord, Drone  
  30  4:29  Drone x5  
  36  4:59  Extractor  
  35  5:00  Hatchery  
  35  5:04  Metabolic Boost  
  35  5:05  Heroic Fortitude  
  35  5:06  Chain Reaction  
  34  5:23  Queen  
  34  5:28  Hardened Carapace  
  34  5:29  Extractor  
  35  5:34  Drone x2  
  35  5:35  Drone x2  
  35  5:36  Drone  
  40  5:55  Drone  
  40  5:56  Drone x3  
  44  6:12  Hive  
  44  6:22  Drone x3  
  47  6:32  Nydus Network  
  46  6:50  Zergling x2  
  46  6:51  Zergling x6  
  46  6:58  Overlord  
  50  7:02  Overlord  
  50  7:03  Nydus Network  
  49  7:32  Overlord, Zergling x2  
  49  7:33  Zergling x18  
  59  8:09  Omega Worm  
  59  8:13  Omega Worm  
  59  8:16  Zergling x7  
  59  8:19  Zergling  
  59  8:20  Drone, Zergling x6  
  59  8:21  Drone, Zergling x9  
  59  8:22  Zergling x4  
  59  8:23  Adrenal Overload  
  59  8:24  Ability Efficiency  
  59  8:25  Zerg Melee Weapons Level 1, Zergling x2  
  59  8:27  Queen  
  59  8:28  Overlord, Zergling x2  
  59  8:29  Zergling x18  
  74  8:33  Zergling x11  
  74  8:34  Zergling x9  
  74  8:35  Zergling x3  
  74  8:36  Zergling x2  
  74  8:37  Zergling x5  
  74  8:38  Zergling x6  
  74  8:39  Zergling x2  
  74  8:40  Zergling x8  
  74  8:41  Zergling x2  
  74  8:42  Zergling x5  
  74  8:43  Zergling x7  
  74  8:44  Zergling x3  
  74  8:45  Zergling  
  74  8:46  Zergling x4  
  74  8:47  Shredding Claws, Zergling x6  
  74  8:49  Zergling x16  
  74  8:50  Zergling x11  
  74  8:51  Zergling x16  
  74  8:52  Zergling x3  
  74  8:53  Zergling  
  74  8:54  Zergling x17  
  74  8:55  Zergling x2  
  74  8:56  Zergling x17  
  74  8:57  Zergling x5  
  74  8:58  Zergling x9  
  74  8:59  Zergling x10  
  74  9:00  Zergling x20  
  74  9:01  Zergling x16  
  74  9:02  Zergling x14  
  74  9:03  Zergling x14  
  74  9:04  Zergling x15  
  74  9:05  Zergling x3  
  74  9:06  Zergling x10  
  74  9:07  Zergling x17  
  74  9:08  Zergling x9  
  74  9:09  Zergling x12  
  77  9:10  Zergling x8  
  77  9:11  Omega Worm, Zergling x17  
  77  9:12  Zergling x11  
  77  9:13  Zergling x17  
  77  9:14  Zergling x5  
  77  9:15  Zergling x4  
  77  9:16  Zergling x3  
  77  9:18  Zergling x5  
  76  9:20  Zergling x4  
  76  9:21  Zergling  
  76  9:28  Nydus Network  
  74  9:32  Zergling x2  
  74  9:33  Zergling x16  
  81  9:43  Zergling x13  
  81  9:44  Zergling x13  
  81  9:45  Zergling  
  81  9:46  Zergling x27  
  81  9:47  Zergling x20  
  81  9:48  Zergling x23  
  81  9:49  Zergling x19  
  81  9:50  Zergling x20  
  81  9:51  Zergling x9  
  81  9:52  Overlord x2, Zergling x12  
  81  9:53  Overlord x3, Zergling x20  
  81  9:54  Zergling x4  
  81  9:55  Zergling x9  
  81  9:56  Zergling x4  
  81  9:57  Zergling  
  81  9:59  Zergling x2  
  61  10:00  Zergling x4  
  81  10:01  Zergling x2  
  81  10:02  Zergling x11  
  81  10:03  Omega Worm, Zergling x3  
  81  10:04  Zergling x7  
  81  10:05  Zergling x13  
  81  10:06  Zergling x8  
  81  10:07  Zergling x14  
  81  10:08  Zergling x12  
  81  10:09  Zergling x6  
  62  10:10  Zergling x8  
  80  10:11  Zergling x8  
  80  10:12  Zergling x8  
  80  10:13  Zergling x2  
  80  10:14  Zergling x2  
  80  10:15  Zergling x6  
  80  10:16  Zergling x4  
  80  10:17  Zergling x7  
  80  10:18  Zergling x30  
  80  10:19  Zergling x5  
  92  10:20  Zergling x2  
  92  10:21  Zergling x10  
  92  10:22  Zergling x2  
  92  10:23  Zergling x9  
  92  10:25  Zergling x2  
  92  10:26  Zergling x4  
  92  10:27  Zergling x7  
  92  10:29  Zergling x6  
  86  10:31  Zergling x6  
  71  10:41  Omega Worm  
  71  10:46  Zergling x2  
  71  10:47  Zergling x10  
  70  11:05  Zergling x2  
  70  11:06  Zergling x4  
  73  11:13  Zergling x16  
  73  11:15  Zergling x37  
  73  11:16  Omega Worm, Zergling x9  
  73  11:17  Zergling x7  
  73  11:18  Zergling x34  
  73  11:19  Zergling x4  
  73  11:20  Zergling x23  
  73  11:21  Zergling x17  
  73  11:22  Zergling x20  
  73  11:23  Zergling x8  
  73  11:24  Zergling x23  
  73  11:25  Zergling x14  
  73  11:26  Zergling x9  
  73  11:27  Zergling x7  
  73  11:28  Zerg Melee Weapons Level 2, Zergling x4  
  73  11:29  Zerg Ground Armor Level 1  
  70  11:30  Zergling x12  
  73  11:35  Omega Worm  
  79  12:03  Omega Worm  
  79  12:16  Zergling x2  
  79  12:17  Zergling x22  
  79  12:18  Zergling x12  
  97  12:38  Omega Worm  
  97  12:44  Nydus Network, Zergling x2  
  97  12:45  Zergling x10  
  97  12:46  Nydus Network  
  101  13:09  Zergling x2  
  102  13:10  Zergling x30  
Show
View Real Time Build Order
Export as new Build Order

LilArrin Terran 

Build Orders:  

Get SALT Encoding   

  12  0:03  SCV  
  13  0:20  SCV  
  14  0:34  Supply Depot  
  14  0:37  SCV  
  15  0:53  SCV  
  16  1:19  Command Center  
  16  1:23  SCV  
  17  1:40  SCV  
  17  1:44  Barracks  
  18  1:57  SCV  
  19  2:17  Orbital Command  
  19  2:45  Command Center  
  19  2:59  Bunker  
  19  3:03  Marine  
  19  3:09  Orbital Command  
  20  3:13  Marine  
  21  3:23  SCV  
  21  3:26  Marine  
  23  3:30  Refinery  
  23  3:39  Refinery, SCV  
  23  3:46  SCV  
  25  3:56  SCV  
  26  4:07  SCV  
  27  4:23  Marine  
  27  4:28  Orbital Command  
  28  4:37  Command Center  
  28  4:46  Combat Shields  
  28  4:47  SCV  
  29  4:50  Barracks Tech Lab  
  29  4:55  Factory  
  29  4:56  Orbital Command  
  29  5:13  SCV  
  30  5:22  Barracks  
  30  5:25  Barracks  
  30  5:33  SCV x2  
  32  5:45  SCV  
  32  5:46  Engineering Bay  
  33  5:50  SCV  
  34  6:21  Barracks Reactor x2  
  34  6:22  Orbital Command  
  34  6:23  Terran Infantry Weapons Level 1, Factory Tech Lab  
  34  6:25  SCV x2  
  34  6:28  SCV  
  37  6:36  Supply Depot  
  37  6:42  SCV x2  
  39  6:54  Replenishable Magazine, Vulture  
  39  6:59  SCV  
  42  7:04  Vulture  
  42  7:09  SCV  
  45  7:11  Marine x3  
  45  7:12  Medic, Marine  
  45  7:14  Vulture  
  45  7:19  SCV x2  
  55  7:21  Marine, SCV  
  55  7:24  Vulture  
  59  7:34  Vulture  
  59  7:35  SCV  
  59  7:36  SCV  
  59  7:37  Marine x2  
  59  7:38  Medic  
  63  7:42  Marine  
  63  7:43  Marine  
  63  7:45  Vulture  
  63  7:49  Medic  
  71  7:54  Marine x2, Cerberus Mines  
  71  7:55  Marine, Vulture  
  71  7:56  Marine  
  71  7:59  Medic  
  75  8:04  Marine  
  75  8:05  Vulture, Marine x2  
  75  8:07  Marine  
  76  8:41  Stabilizer Medpacks  
  76  8:57  Marine  
  76  8:58  Marine  
  76  8:59  SCV x2  
  76  9:01  Marine  
  76  9:03  Marine x2, Terran Infantry Armor Level 1  
  76  9:23  Marine  
  76  9:25  Marine  
  76  9:29  Marine  
  76  9:34  Supply Depot  
  76  9:35  Medic, Vulture, Marine x3  
  76  9:36  Supply Depot  
  76  9:38  Supply Depot  
  82  9:40  Marine, Supply Depot  
  82  9:45  Medic, Marine x2  
  82  9:47  Marine  
  86  9:50  Marine  
  86  9:55  Medic  
  86  9:57  Marine  
  86  9:58  Marine  
  92  10:10  Marine x2  
  92  10:12  Marine x3  
  97  10:20  Marine  
  97  10:23  Medic  
  97  10:25  Marine  
  97  10:26  Marine  
  102  10:33  Medic  
  102  10:34  Marine x2  
  102  10:36  Marine  
  107  10:42  Marine  
  108  11:03  Marine x2  
  108  11:09  Marine  
  107  11:21  Marine  
  108  11:33  Medic, Vulture, Supply Depot, Marine x2  
  108  11:35  Supply Depot  
  108  11:38  Supply Depot  
  114  11:41  Supply Depot  
  114  11:43  Supply Depot  
  114  11:44  Medic, Vulture  
  118  11:54  Medic, Vulture  
  118  11:55  Marine x3  
  125  12:04  Medic, Vulture  
  129  12:14  Medic  
  127  12:30  Marine  
  128  12:42  Marine x3  
  128  12:43  Medic, Marine  
  134  12:52  Marine  
  134  12:53  Medic  
  137  13:19  Medic, Marine x3  
  94  13:30  Medic  
  94  13:32  Marine  
  94  13:33  Marine x2  
  95  13:40  Medic  
Tags
 
Add a new tag
Caveats
  • Supply blocks, unpowered buildings, or Contaminate may cause inaccurate times.
  • Supply counts are checked every 10 seconds.